 Dungeon Crawl Stone Soup version 0.31.0-32-g396128a36d (webtiles) character file.

Game seed: 16833088035048912617

2661 TacoSundae the Grappler (level 9, -1/67 HPs)
             Began as a Vine Stalker Shapeshifter on Apr 5, 2024.
             Was a Follower of Makhleb.
             Succumbed to an orc's poison
             ... on level 7 of the Dungeon.
             The game lasted 00:22:06 (5901 turns).

TacoSundae the Grappler (Vine Stalker Shapeshifter) Turns: 5901, Time: 00:22:06

Health: -1/67      AC:  4    Str: 19    XL:     9   Next: 63%
Magic:  4/19       EV: 13    Int: 10    God:    Makhleb [*.....]
Gold:   313        SH:  0    Dex: 16    Spells: 8/8 levels left

rFire   . .          .
                       - Unarmed
rCold   . . .        (no shield)
rNeg    . . .        k - +2 robe {Will+}
rPois   .            (helmet currently unavailable)
rElec   .            (cloak currently unavailable)
rCorr   .            (gloves currently unavailable)
SInv    .            (boots currently unavailable)
Will    ++...        (no amulet) Stlth
                     m - ring of magical power
HPRegen 1.11/turn    u - ring of flight
MPRegen 0.16/turn

%: guardian spirit
@: berserking (expiring), lethally poisoned (-1 -> -18), beast-form, flying,
very quick
A: beast (slay +4), fangs 3, regeneration 1, magic shield, antimagic bite, no
potion heal 2
a: Begin Untransformation, Renounce Religion


You were on level 7 of the Dungeon.
You worshipped Makhleb.
Makhleb was aware of your devotion.
You were a hulking beast.
You visited 2 branches of the dungeon, and saw 8 of its levels.
You also visited: Sewer and Ossuary.

You collected 373 gold pieces.
You spent 60 gold pieces at shops.

Inventory:

Missiles
 p - 5 poisoned darts (quivered)
Armour
 b - a +1 pair of gloves
 k - a +2 robe of willpower (worn)
Jewellery
 m - a ring of magical power (left hand)
 u - a ring of flight (right hand)
Talismans
 c - a beast talisman
 d - a flux talisman
Wands
 a - a wand of digging (6)
 f - a wand of iceblast (11)
 n - a wand of charming (22)
 x - a wand of polymorph (7)
Scrolls
 g - a scroll of blinking
 h - 3 scrolls of immolation
 i - 5 scrolls of teleportation
 j - 2 scrolls of revelation
 l - a scroll of vulnerability
 o - 2 scrolls of amnesia
 w - a scroll of fear
Potions
 e - 5 potions of curing
 q - a potion of cancellation
 r - a potion of mutation {unknown}
 s - a potion of invisibility {unknown}
 v - a potion of heal wounds {unknown}
 z - a potion of brilliance {unknown}


   Skills:
 + Level 3.7 Fighting
 + Level 3.7 Dodging
 * Level 8.6 Unarmed Combat
 + Level 8.0 Shapeshifting


You had 8 spell levels left.
You didn't know any spells.
Your spell library contained the following spells:

 Spells                   Type           Power      Damage    Failure   Level
 Apportation              Tloc           0%         N/A       36%         1
 Necrotise                Necr           0%         1d4       36%         1
 Sting                    Conj/Alch      0%         1d3       36%         1
 Summon Small Mammal      Summ           0%         N/A       36%         1
 Ensorcelled Hibernation  Hex/Ice        0%         N/A       50%         2
 Fugue of the Fallen      Necr           0%         N/A       75%         3
 Vampiric Draining        Necr           0%         2d6       75%         3
 Anguish                  Hex/Necr       0%         N/A       98%         4
 Martyr's Knell           Necr/Summ      0%         N/A       98%         4
 Curse of Agony           Necr           0%         N/A       100%        5


Dungeon Overview and Level Annotations

Branches:
Dungeon (7/15)             Temple (1/1) D:5           Sewer (visited)
Ossuary (visited)

Altars:
Ashenzari
Cheibriados
Dithmenos
Elyvilon
Fedhas
Gozag
Hepliaklqana
Kikubaaqudgha
Makhleb
Nemelex Xobeh
Okawaru
Qazlal
Ru
Sif Muna
Trog
Uskayaw
Vehumet
Xom
Yredelemnul
Zin
The Shining One

Shops:
D:4 ?   D:5 !

Annotations:
D:5 2 transporters, MollyMolluskus's ghost, novice OpFi


Innate Abilities, Weirdness & Mutations

You are a hulking beast.
Your limbs bulge with bestial killing power. (Slay +4)
You have razor-sharp teeth.
Your natural rate of healing is unusually fast.
When hurt, damage is shared between your health and your magic reserves.
Your bite disrupts and absorbs the magic of your enemies.
Potions cannot restore your health.


Message History

The orc hits you from afar with a +0 trident of venom.
You are more poisoned.
The killer bee misses you.
You miss the killer bee. Your bite misses the killer bee.
You feel sick. The killer bee misses you.
You punch the killer bee! Your bite misses the killer bee.
The killer bee is severely wounded.
You feel sick. The killer bee stings you.
You are more poisoned.
The killer bee poisons you!
The orc hits you from afar with a +0 trident of venom!
You are lethally poisoned!
You barely miss the killer bee. You punch the killer bee.
You kill the killer bee!
Makhleb accepts your kill.
* * * LOW HITPOINT WARNING * * *
You feel very sick.
* * * LOW HITPOINT WARNING * * *
You feel very sick.
The orc hits you with a +0 trident of venom.
* * * LOW HITPOINT WARNING * * *
You are more poisoned.
Things that are here:
a +0 flail; a +0 leather armour; an orc corpse You punch the orc!
You kill the orc!
Makhleb accepts your kill.
You feel better.
* * * LOW HITPOINT WARNING * * *
You feel very sick.
You are too berserk!
You punch the killer bee! Your bite misses the killer bee.
The killer bee is severely wounded.
* * * LOW HITPOINT WARNING * * *
You feel very sick. The killer bee barely misses you.
The killer bee stings you.
* * * LOW HITPOINT WARNING * * *
You hit the killer bee. Your bite misses the killer bee.
The killer bee is severely wounded.
You die...

#.####..#####.#
..........#
#..#####.## ## #.#
.. #)# ...#.####
#)# ......†)# #.#
#)# #.# #h# #.#
#y# #.# #y# #.#
#)# #.# #
#.##.###)##..#.#
#...............
#....#.###.###.#..
####.... ....
###########


You could see 2 killer bees.

Vanquished Creatures
  Grinder (D:6)
  Edmund (D:6)
  Duvessa (D:6)
  A black bear (D:4)
  A crocodile (Sewer)
  3 sky beasts
  An ogre (D:5)
  2 centaurs (D:5)
  A phantom (D:6)
  2 elf zombies (Ossuary)
  Blork the orc (D:4)
  A weeping skull (Ossuary)
  A gnoll sergeant (D:6)
  2 scorpions
  Dowan (D:6)
  4 killer bees (D:7)
  A centaur zombie (Ossuary)
  A human zombie (Ossuary)
  3 hounds
  2 orc priests
  2 sleepcaps
  An iguana (D:5)
  5 orc wizards
  A killer bee zombie (Ossuary)
  A bullfrog simulacrum (Ossuary)
  A hound zombie (Ossuary)
  3 mummies (Ossuary)
  6 adders
  8 gnolls
  2 shadow imps
  2 ufetubi (D:5)
  5 adder zombies
  An adder skeleton (D:3)
  2 ribbon worms
  4 dart slugs
  20 orcs
  5 endoplasms
  3 giant cockroaches
  4 gnoll zombies (Ossuary)
  5 goblins
  3 hobgoblins
  10 jackals
  3 quokkas
  4 ball pythons
  A ball python skeleton (D:3)
  4 ball python zombies (Ossuary)
  2 bats (D:1)
  A frilled lizard (D:1)
  A giant cockroach zombie (D:3)
  6 jackal zombies
  4 kobolds
  4 kobold zombies (Ossuary)
  2 orc zombies (Ossuary)
  3 rats (D:1)
160 creatures vanquished.

Vanquished Creatures (others)
  An orc (D:7)
1 creature vanquished.

Grand Total: 161 creatures vanquished

Notes
Turn   | Place    | Note
-------+----------+-------------------------------------------
     0 | D:1      | TacoSundae the Vine Stalker Shapeshifter began the quest
                  | for the Orb.
     0 | D:1      | Reached XP level 1. HP: 9/9 MP: 2/2
   115 | D:1      | Reached XP level 2. HP: 12/14 MP: 1/3
   296 | D:1      | Reached XP level 3. HP: 16/17 MP: 4/4
   818 | D:2      | Found a faded altar of an unknown god.
  1399 | D:3      | Reached XP level 4. HP: 21/21 MP: 5/5
  1459 | D:3      | Found a glowing drain.
  1469 | Sewer    | Entered a sewer
  1561 | Sewer    | Noticed a crocodile
  1571 | Sewer    | Killed a crocodile
  1572 | Sewer    | Reached XP level 5. HP: 25/25 MP: 4/6
  2512 | D:4      | Reached skill level 5 in Shapeshifting
  2512 | D:4      | Reached XP level 6. HP: 20/29 MP: 7/7
  2548 | D:4      | Noticed Blork the orc
  2825 | D:4      | Reached skill level 5 in Unarmed Combat
  2943 | D:4      | Found Jiulef's Magic Scroll Boutique.
  3164 | D:4      | Noticed a black bear
  3175 | D:4      | Killed a black bear
  3176 | D:4      | Reached XP level 7. HP: 31/32 MP: 8/8
  3481 | D:4      | Killed Blork the orc
  3531 | D:5      | Entered Level 5 of the Dungeon
  3553 | D:5      | Found a transporter.
  3554 | D:5      | Identified the +6 spear of the Extremes {elec, Str+2 Dex+4}
  3594 | D:5      | Found a sand-covered staircase.
  3599 | Ossuary  | Entered an ossuary
  3917 | Ossuary  | Gained mutation: You have razor-sharp teeth. [Vine Stalker
                  | growth]
  3917 | Ossuary  | Reached XP level 8. HP: 33/37 MP: 9/9
  3933 | Ossuary  | Reached skill level 1 in Fighting
  4067 | D:5      | Found a staircase to the Ecumenical Temple.
  4074 | Temple   | Entered the Ecumenical Temple
  4097 | Temple   | Became a worshipper of Makhleb the Destroyer
  4151 | D:5      | Noticed MollyMolluskus's ghost (novice OpFi)
  4184 | D:5      | Found a transporter.
  4300 | D:5      | Found Vezimail's Distillery.
  4351 | D:5      | Bought a potion of berserk rage for 60 gold pieces
  4743 | D:5      | Identified the amulet "Neungas" {Spirit *Corrode rC+ rN+
                  | Regen+ Int+3}
  4952 | D:6      | Noticed Grinder
  4959 | D:6      | Killed Grinder
  4988 | D:6      | Reached XP level 9. HP: 39/43 MP: 10/10
  5101 | D:6      | Noticed Edmund
  5109 | D:6      | Killed Edmund
  5215 | D:6      | Noticed Duvessa
  5215 | D:6      | Noticed Dowan
  5231 | D:6      | Killed Duvessa
  5237 | D:6      | Killed Dowan
  5294 | D:6      | Reached * piety under Makhleb
  5900 | D:7      | HP: 3/67 [killer bee (3)]
  5901 | D:7      | Succumbed to an orc's poison

Illustrated notes

Levels and vault maps discovered:
D:1:      erik_arrival_cave_to_civilisation [erik_arrival_cave_to_hall],
          layout_loops_ring, minmay_pentomino_o2
D:2:      layout_loops_ring, ebering_ecumenical_altar_hall
D:3:      layout_basic, serial_undead, serial_undead_f, serial_undead_b,
          serial_undead_f, serial_undead_f, serial_undead_a, serial_undead_e,
          portal_sewer_entry_d
D:4:      layout_cave_pools, serial_shops, shop, uniq_blork_the_orc
D:5:      layout_loops_ring, minmay_temple_entry_mist, serial_shops,
          nicolae_shop_window_shopping, gammafunk_ghost_gnarly_gnolls,
          enter_ossuary_2
D:6:      layout_basic, serial_corexii_hall, chequers_hall_statues_wall_a,
          corexii_hall_statues_l, chequers_hall_statues_wall_a, uniq_edmund,
          uniq_duvessa, uniq_grinder
D:7:      layout_loops_ring, serial_shops, nicolae_shop_window_shopping
Temple:   nicolae_temple_the_god_donut

Skill      XL: |  1  2  3  4  5  6  7  8  9 |
---------------+----------------------------+-----
Unarmed Combat | 4 5 6 7 8 |  8.6
Shapeshifting  | 4 5 7 8 |  8.0
Fighting       | 2 3 |  3.7
Dodging        | 2 3 |  3.7

Action                     |  1- 3 |  4- 6 |  7- 9 || total
---------------------------+-------+-------+-------++-------
  Melee: Unarmed           |    80 |    94 |   263 ||   437
         Bite              |    16 |    21 |    83 ||   120
         Punch             |     2 |     1 |     7 ||    10
  Evoke: Wand              |       |       |     5 ||     5
    Use: Scroll            |     6 |     9 |     2 ||    17
         Potion            |       |     2 |     3 ||     5
 Armour: Animal skin       |     3 |       |       ||     3
         Ring mail         |    30 |    65 |     3 ||    98
         Skin              |       |     3 |       ||     3
         Robe              |       |       |   147 ||   147
  Dodge: Dodged            |    32 |    60 |   128 ||   220
